 Dungeon Crawl Stone Soup version 0.29-a0-321-gf1c400731a (webtiles) character file.

Game seed: 7431950407759312257

369 Morbidden the Grave Robber (level 6, 0/43 HPs)
             Began as a Demonspawn Necromancer on Apr 4, 2022.
             Succumbed to a water moccasin's poison
             ... on level 5 of the Dungeon.
             The game lasted 00:03:58 (3674 turns).

Morbidden the Grave Robber (Demonspawn Necromancer) Turns: 3674, Time: 00:03:58

Health: 0/43       AC:  5    Str:  9    XL:     6   Next: 41%
Magic:  7/12       EV: 17    Int: 18    God:
Gold:   108        SH:  0    Dex: 13    Spells: 11/13 levels left

rFire   + . .      SeeInvis .   a - +0 dagger
rCold   + . .      Faith    .   (no shield)
rNeg    . . .      Spirit   .   u - +2 robe {rC+}
rPois   .          Reflect  .   h - +0 helmet
rElec   .          Harm     .   (no cloak)
rCorr   .          Rampage  .   (no gloves)
Will    .....                   (no boots)
Stlth   ++........              (no amulet)
HPRegen 0.14/turn               d - ring of protection from fire
MPRegen 0.13/turn               (no ring)

@: brilliant, agile, lethally poisoned (0 -> -5), attractive
A: powered by pain 1, weakness stinger 2
a: no special abilities


You were on level 5 of the Dungeon.
You visited 1 branch of the dungeon, and saw 5 of its levels.

You collected 108 gold pieces.

Inventory:

Hand Weapons
 a - a +0 dagger (weapon)
Missiles
 r - 4 curare-tipped darts (quivered)
Armour
 h - a +0 helmet (worn)
 u - a +2 robe of cold resistance (worn)
Jewellery
 d - a ring of protection from fire (left hand)
 t - an amulet of faith
Scrolls
 c - 3 scrolls of immolation
 e - 4 scrolls of identify {unknown}
 g - 3 scrolls of amnesia {unknown}
 i - 2 scrolls of blinking {unknown}
 m - 2 scrolls of noise {unknown}
 o - a scroll of vulnerability {unknown}
 q - a scroll of teleportation {unknown}
Potions
 b - 2 potions of magic
 j - a potion of ambrosia {unknown}
 l - a potion of brilliance
 n - a potion of haste {unknown}
 p - a potion of lignification {unknown}
 s - a potion of resistance {unknown}


   Skills:
 * Level 1.6 Fighting
 + Level 0.2 Short Blades
 * Level 2.6 Dodging
 + Level 1.9 Stealth
 * Level 4.0 Spellcasting
 * Level 6.0 Necromancy
 * Level 1.0 Transmutations
 * Level 1.1 Poison Magic


You had 11 spell levels left.
You knew the following spells:

 Your Spells              Type           Power      Damage    Failure   Level
a - Pain                  Necr           100%       1d9       1%          1
b - Sting                 Tmut/Pois      44%        1d5       10%         1

Your spell library contained the following spells:

 Spells                   Type           Power      Damage    Failure   Level
 Animate Skeleton         Necr           76%        N/A       1%          1
 Vampiric Draining        Necr           38%        2d8       3%          3
 Animate Dead             Necr           19%        N/A       12%         4
 Sandblast                Erth           10%        2d5       14%         1
 Passwall                 Tmut/Erth      6%         N/A       19%         2
 Poisonous Vapours        Pois/Air       16%        N/A       19%         2
 Agony                    Necr           38%        N/A       32%         5
 Call Canine Familiar     Summ           5%         N/A       41%         3
 Portal Projectile        Hex/Tloc       10%        N/A       41%         3
 Olgreb's Toxic Radiance  Pois           11%        N/A       67%         4
 Leda's Liquefaction      Hex/Erth       2%         N/A       82%         4


Dungeon Overview and Level Annotations

Branches:
Dungeon (5/15)
 Temple: D:4-7

Altars:
Ashenzari
Wu Jian
Xom


Innate Abilities, Weirdness & Mutations

You sometimes gain a little power by taking damage.
You have a tail ending in a sharp stinger.


Message History

Aim: a water moccasin (inner flame, 48% to hit)
The sting misses the water moccasin.
Unknown command.
Unknown command.
You hit the water moccasin.
Flame seeps out of the water moccasin.
The water moccasin is lightly wounded.
The water moccasin is engulfed in blazing flames.
Flame seeps out of the water moccasin.
The water moccasin bites you.
The water moccasin is engulfed in blazing flames.
Flame seeps out of the water moccasin.
The water moccasin bites you.
You are poisoned.
The water moccasin poisons you!
You hit the water moccasin but do no damage.
The water moccasin is severely wounded.
You feel very sick.
The water moccasin is engulfed in blazing flames.
The water moccasin explodes!
The fiery explosion engulfs you!! You resist.
Ouch! That really hurt!
* * * LOW HITPOINT WARNING * * *
You focus on the pain.
You feel agile all of a sudden.
You hear an angry hiss.
Your Spellcasting skill increases to level 4!
Your Necromancy skill increases to level 6!
Your Transmutations skill increases to level 1!
Your Poison Magic skill increases to level 1!
Unknown command.
* * * LOW HITPOINT WARNING * * *
You feel sick.
You see here a howler monkey corpse.
Unknown command.
It was a potion of brilliance.
You feel clever all of a sudden.
* * * LOW HITPOINT WARNING * * *
You feel sick.
Unknown command.
It was a potion of attraction.
You feel attractive to monsters.
You die...

.#..... # #.<...
..######....#
............####
#..............
#............
##....§......
#...@<.§.....
#.....§.......
#..##...........
. #...........
##..........
#.)........
#......>...
#..........


There were no monsters in sight!

Vanquished Creatures
  A water moccasin (D:5)
  2 ogres (D:4)
  A howler monkey (D:5)
  An adder (D:2)
  A dart slug (D:1)
  6 bats
  6 endoplasms
  3 giant cockroaches
  3 goblins (D:1)
  4 hobgoblins
  5 jackals (D:1)
  4 kobolds
  A quokka (D:3)
  4 ball pythons
  2 frilled lizards
  2 rats
46 creatures vanquished.

Vanquished Creatures (others)
  A ball python (D:4)
  A quokka (D:4)
2 creatures vanquished.

Grand Total: 48 creatures vanquished

Notes
Turn   | Place    | Note
-------+----------+-------------------------------------------
     0 | D:1      | Morbidden the Demonspawn Necromancer began the quest for
                  | the Orb.
     0 | D:1      | Reached XP level 1. HP: 13/13 MP: 3/3
   291 | D:1      | Gained mutation: You have a small tail. [demonic ancestry]
   291 | D:1      | Reached XP level 2. HP: 15/20 MP: 0/5
  1166 | D:1      | Gained mutation: You sometimes gain a little power by
                  | taking damage. [demonic ancestry]
  1166 | D:1      | Reached XP level 3. HP: 24/25 MP: 4/6
  2055 | D:2      | Reached skill level 5 in Necromancy
  2729 | D:3      | Found a broken altar of Ashenzari.
  2752 | D:3      | Learned a level 1 spell: Sting
  2800 | D:3      | Got the Compendium of Earth
  3220 | D:3      | Found an ornate altar of the Wu Jian Council.
  3471 | D:4      | Noticed an ogre
  3483 | D:4      | Killed an ogre
  3484 | D:4      | Reached skill level 1 in Fighting
  3484 | D:4      | Gained mutation: You have a tail ending in a sharp stinger.
                  | [demonic ancestry]
  3484 | D:4      | Reached XP level 4. HP: 30/32 MP: 5/8
  3484 | D:4      | Reached XP level 5. HP: 35/37 MP: 5/9
  3560 | D:4      | Noticed an ogre
  3587 | D:4      | Killed an ogre
  3642 | D:4      | Found a shimmering altar of Xom.
  3647 | D:4      | Noticed a phantom
  3648 | D:4      | Noticed an ogre
  3663 | D:5      | Entered Level 5 of the Dungeon
  3665 | D:5      | Noticed a water moccasin
  3668 | D:5      | Reached XP level 6. HP: 35/43 MP: 7/11
  3671 | D:5      | Killed a water moccasin
  3672 | D:5      | Reached skill level 6 in Necromancy
  3672 | D:5      | Reached skill level 1 in Transmutations
  3672 | D:5      | Reached skill level 1 in Poison Magic
  3673 | D:5      | HP: 1/43 [poisoned by a water moccasin]
  3674 | D:5      | Succumbed to a water moccasin's poison

Illustrated notes

Levels and vault maps discovered:
D:1:      saegor_arrival_simple_c, layout_basic, minmay_misc_feat_columns,
          minmay_tetromino_t2
D:2:      layout_basic, lemuel_flame_loot_1
D:3:      layout_basic, marbit_many_paths,
          mainiacjoe_overflow_concentric_impassable
D:4:      layout_basic, nicolae_qazlal_style_of_elements, xom_confusion_cloud,
          nicolae_uskayaw_dance_hall, uniq_natasha
D:5:      layout_layer_cave, st_stairs_3, amethyst_killhole, chequers_garden,
          kennysheep_flooded_box

Skill      XL: |  1  2  3  4  5  6 |
---------------+-------------------+-----
Dodging        | 2 |  2.6
Necromancy     | 5 6 |  6.0
Fighting       | 1 |  1.6
Spellcasting   | 3 4 |  4.0
Transmutations | 1 |  1.0
Poison Magic   | 1 |  1.1
Short Blades   | |  0.2
Stealth        | |  1.9

Action                   |  1- 3 |  4- 6 || total
-------------------------+-------+-------++-------
Melee: Unarmed           |     3 |       ||     3
       Dagger            |     6 |     3 ||     9
       Tailslap          |     1 |       ||     1
Throw: Dart              |     1 |     1 ||     2
 Cast: Pain              |    67 |     9 ||    76
       Sting             |       |     1 ||     1
  Use: Potion            |       |     2 ||     2
       Scroll            |       |     1 ||     1
 Stab: Sleeping          |     1 |       ||     1
Armor: Robe              |     8 |       ||     8
Dodge: Dodged            |    24 |       ||    24

Table legend: (Time is in decaauts)
 A = Elapsed time spent in this place.
 B = Non-inter-level travel time spent in this place.
 C = Inter-level travel time spent in this place.
 D = Time resting spent in this place.
 E = Time spent auto-exploring this place.
 F = Levels seen in this place.
 G = Mean time per level.
                   A        B        C        D        E       F      G
               +--------+--------+--------+--------+--------+-----+--------+
         Total |   3673 |   3566 |    107 |    346 |   2821 |   5 |  734.6 |
       Dungeon |   3673 |   3566 |    107 |    346 |   2821 |   5 |  734.6 |
               +--------+--------+--------+--------+--------+-----+--------+

Top non-repeatable levels by time:
     D:1: 1284 daAuts
     D:2: 1245 daAuts
     D:3: 718 daAuts
     D:4: 413 daAuts
     D:5: 10 daAuts
